 Dungeon Crawl Stone Soup version 0.26-a0-597-gb535b0901c (webtiles) character file.

Game seed: 8955718588899218296

2 Lanoc the Chopper (level 1, -8/11 HPs)
             Began as a Vine Stalker Wanderer on Aug 26, 2020.
             Mangled by a kobold
             ... wielding a +1 whip of electrocution
              (9 damage)
             ... on level 1 of the Dungeon.
             The game lasted 00:00:32 (132 turns).

Lanoc the Chopper (Vine Stalker Wanderer)            Turns: 132, Time: 00:00:33

Health: -8/11      AC:  2    Str: 16    XL:     1   Next: 30%
Magic:  0/2        EV: 11    Int: 12    God:
Gold:   5          SH:  0    Dex: 11    Spells: 0/0 levels left

rFire    . . .     SeeInvis .   a - +2 hand axe
rCold    . . .     Faith    .   (no shield)
rNeg     . . .     Spirit   +   d - +0 robe
rPois    .         Reflect  .   (no helmet)
rElec    .         Harm     .   (no cloak)
rCorr    .                      (no gloves)
MR       .....                  (no boots)
Stlth    ++........             (no amulet)
HPRegen  0.03/turn              (no ring)
MPRegen  0.08/turn              (no ring)

@: no status effects
A: fangs 2, magic shield, antimagic bite, no potion heal 3, rot immunity
a: no special abilities


You were on level 1 of the Dungeon.
You visited 1 branch of the dungeon, and saw 1 of its levels.

You collected 5 gold pieces.

Inventory:

Hand Weapons
 a - a +2 hand axe (weapon)
Armour
 d - a +0 robe (worn)
Scrolls
 f - a scroll of identify {unknown}
Potions
 b - a potion of lignification
 c - a potion of curing
 e - a potion of heal wounds {unknown}


   Skills:
 + Level 1.8 Fighting
 * Level 5.5 Axes
 - Level 1.0 Throwing
 - Level 1.2 Stealth


You couldn't memorise any spells.
You didn't know any spells.
Your spell library was empty.

Dungeon Overview and Level Annotations

Branches:
Dungeon (1/15)

Altars:


Innate Abilities, Weirdness & Mutations

You have extremely sharp teeth.
When hurt, damage is shared between your health and your magic reserves.
Your bite disrupts and absorbs the magic of your enemies.
Potions cannot restore your health.
You are immune to rotting.


Message History

You hit the kobold. The giant cockroach closely misses you.
The kobold barely misses you.
You closely miss the kobold.
The kobold is severely wounded.
You hit the giant cockroach. The giant cockroach barely misses you.
The kobold barely misses you.
You hit the kobold but do no damage. Your bite misses the kobold.
The kobold is severely wounded.
You closely miss the giant cockroach. The giant cockroach bites you.
The kobold barely misses you. The giant cockroach barely misses you.
You hit the kobold but do no damage. Your bite misses the kobold.
The kobold is severely wounded.
You completely miss the giant cockroach.
The giant cockroach bites you but does no damage.
The kobold hits you with a +1 whip of electrocution!
Ouch! That really hurt!
* * * LOW HITPOINT WARNING * * *
You are electrocuted!
Ouch! That really hurt!
You die...

. >. ... . .####. ... #
..... #.# #..# #.#
#######..## #.# ####.#
..........# ###.##....?.
..........###.......$...
..............##.#####.
..........###.#!@#
##........###.##sK......
≈#.........##.#..⌠⌠.##..
≈#.##.........##.⌠⌠..#
≈#.#................##
≈#.#..........#)#.#..
♣#.#..........## ##.##
)..#......>.... ..
♣#............


You could see a giant cockroach and a kobold.

Vanquished Creatures
  A goblin (D:1)
  A frilled lizard (D:1)
  5 toadstools (D:1)
7 creatures vanquished.

Notes
Turn   | Place    | Note
-------+----------+-------------------------------------------
     0 | D:1      | Lanoc the Vine Stalker Wanderer began the quest for the
                  | Orb.
     0 | D:1      | Lanoc set off with the following items: a +2 hand axe, a
                  | potion of lignification, a potion of curing, a +0 robe
     0 | D:1      | Reached XP level 1. HP: 11/11 MP: 2/2
   132 | D:1      | Mangled by a kobold

Illustrated notes

Levels and vault maps discovered:
D:1:      ldierk_walled_garden, layout_rooms, roderic_roman_lattice,
          minmay_octomino_e4

Action                   || total
-------------------------++-------
Melee: Hand axe          ||    13
       Bite              ||     1
Armor: Robe              ||     2
Dodge: Dodged            ||     7

Table legend: (Time is in decaauts)
 A = Elapsed time spent in this place.
 B = Non-inter-level travel time spent in this place.
 C = Inter-level travel time spent in this place.
 D = Time resting spent in this place.
 E = Time spent auto-exploring this place.
 F = Levels seen in this place.
 G = Mean time per level.
                   A        B        C        D        E       F      G
               +--------+--------+--------+--------+--------+-----+--------+
         Total |    132 |    132 |      0 |      0 |    109 |   1 |  132.0 |
       Dungeon |    132 |    132 |      0 |      0 |    109 |   1 |  132.0 |
               +--------+--------+--------+--------+--------+-----+--------+

Top non-repeatable levels by time:
     D:1: 132 daAuts
